 Dungeon Crawl Stone Soup version 0.27-a0-920-gb2bd10914a (webtiles) character file.

Game seed: 1590021497477418837

56 spiderkeys the Bolt Thrower (level 4, 0/27 HPs)
             Began as a Kobold Hunter on Apr 9, 2021.
             Was a Follower of Jiyva.
             Slain by a gnoll
             ... wielding a +0 club
              (5 damage)
             ... on level 3 of the Dungeon.
             The game lasted 00:02:55 (1563 turns).

spiderkeys the Bolt Thrower (Kobold Hunter)         Turns: 1563, Time: 00:02:55

Health: 0/27       AC:  3    Str: 10    XL:     4   Next: 17%
Magic:  4/4        EV: 14    Int: 12    God:    Jiyva [*.....]
Gold:   24         SH:  0    Dex: 15    Spells: 3/3 levels left

rFire    . . .     SeeInvis .   b - +0 short sword
rCold    . . .     Faith    .   (shield restricted)
rNeg     . . .     Spirit   .   c - +0 leather armour
rPois    .         Reflect  .   (no helmet)
rElec    .         Harm     .   (no cloak)
rCorr    .         Rampage  .   (no gloves)
Will     .....                  (no boots)
Stlth    +++.......             (no amulet)
HPRegen  0.09/turn              (no ring)
MPRegen  0.09/turn              (no ring)

@: no status effects
A: small, no large weapons, nightstalker 3
a: Renounce Religion, Request Jelly


You were on level 3 of the Dungeon.
You worshipped Jiyva.
Jiyva was aware of your devotion.
You visited 1 branch of the dungeon, and saw 3 of its levels.

You collected 24 gold pieces.

Inventory:

Hand Weapons
 a - a +2 hand crossbow
 b - a +0 short sword (weapon)
Missiles
 d - 19 bolts
Armour
 c - a +0 leather armour (worn)
Scrolls
 e - a scroll of vulnerability
Potions
 g - a potion of resistance
 h - a potion of berserk rage {unknown}
 i - a potion of haste {unknown}


   Skills:
 + Level 2.9 Fighting
 + Level 2.0 Short Blades
 - Level 5.0 Crossbows
 + Level 3.2 Dodging
 + Level 2.6 Stealth


You had 3 spell levels left.
You didn't know any spells.
Your spell library contained the following spells:

 Spells                   Type           Power      Damage    Failure   Level
 Animate Skeleton         Necr           0%         N/A       41%         1
 Apportation              Tloc           0%         N/A       41%         1
 Corona                   Hex            0%         N/A       41%         1
 Summon Small Mammal      Summ           0%         N/A       41%         1
 Confusing Touch          Hex            0%         N/A       80%         3
 Gell's Gravitas          Tloc           0%         N/A       80%         3
 Petrify                  Tmut/Erth      0%         N/A       99%         4
 Metabolic Englaciation   Hex/Ice        0%         N/A       100%        5
 Yara's Violent Unravell  Hex/Tmut       0%         3d3       100%        5


Dungeon Overview and Level Annotations

Branches:
Dungeon (3/15)

Altars:
Jiyva


Innate Abilities, Weirdness & Mutations

You are small and have problems with some larger weapons.
You are completely attuned to the shadows.


Message History

A gnoll is nearby!
The gnoll shouts!
You hit the gnoll.
The gnoll is lightly wounded.
You barely miss the gnoll.
The gnoll is lightly wounded.
The gnoll barely misses you.
The gnoll shouts!
You hit the gnoll.
The gnoll is lightly wounded.
The gnoll barely misses you. The gnoll closely misses you.
There is a stone staircase leading down here.
You climb downwards.
A rat and a kobold come into view.
Found a scroll labelled HELOIC ONIQO.
There is a stone staircase leading up here.
The helpless kobold fails to defend itself.
You puncture the kobold!
You kill the kobold!
The gnoll hits you with a +0 club.
You closely miss the gnoll.
The gnoll is lightly wounded.
The gnoll barely misses you.
You hear a distant slurping noise.
You barely miss the gnoll.
The gnoll is lightly wounded.
The gnoll hits you with a +0 club.
You hit the gnoll.
The gnoll is lightly wounded.
The gnoll barely misses you.
You hear a distant slurping noise.
You hit the gnoll but do no damage.
The gnoll is lightly wounded.
The gnoll hits you with a +0 club.
* * * LOW HITPOINT WARNING * * *
You barely miss the gnoll.
The gnoll is lightly wounded.
The gnoll hits you with a +0 club.
You die...

#..+
##?r⌠#
##...#
#⌠..#
#.@.#
#g.)#
##...#
##..⌠#
#..+


You could see a gnoll and a rat (asleep).

Vanquished Creatures
  2 adders (D:2)
  A gnoll (D:2)
  A dart slug (D:1)
  4 endoplasms (D:1)
  A giant cockroach (D:1)
  2 goblins
  3 hobgoblins
  A quokka (D:1)
  2 ball pythons
  3 bats
  A frilled lizard (D:1)
  4 kobolds
  A rat (D:1)
26 creatures vanquished.

Vanquished Creatures (others)
  A jelly (D:2)
  A gnoll (D:2)
  A goblin (D:2)
  A hobgoblin (D:2)
  A kobold (D:2)
  A bat (D:2)
  A frilled lizard (D:2)
  2 rats (D:2)
9 creatures vanquished.

Grand Total: 35 creatures vanquished

Notes
Turn   | Place    | Note
-------+----------+-------------------------------------------
     0 | D:1      | spiderkeys the Kobold Hunter began the quest for the Orb.
     0 | D:1      | Reached XP level 1. HP: 12/12 MP: 1/1
   331 | D:1      | Reached XP level 2. HP: 13/18 MP: 2/2
   506 | D:1      | Reached skill level 1 in Short Blades
   509 | D:1      | Reached skill level 5 in Crossbows
   688 | D:1      | Found a faded altar of an unknown god.
   702 | D:1      | Reached XP level 3. HP: 22/22 MP: 3/3
   709 | D:1      | Became a worshipper of Jiyva Joameaw the Shapeless
   709 | D:1      | Reached * piety under Jiyva
  1399 | D:2      | Reached XP level 4. HP: 9/27 MP: 1/4
  1563 | D:3      | Slain by a gnoll

Illustrated notes

Levels and vault maps discovered:
D:1:      eino_arrival_water_cross, layout_basic,
          hellmonk_ecumenical_altar_arch_garden
D:2:      layout_basic
D:3:      layout_loops_ring, nicolae_overflow_crystal_walls, old_standard_altar,
          grunt_ministairs_8, grunt_decor_arrowhead, goddamned_bats,
          uniq_jessica

Skill      XL: |  1  2  3 |
---------------+----------+-----
Short Blades   | 1 2 |  2.0
Crossbows      | 5 |  5.0
Stealth        | 2 |  2.6
Dodging        | 3 |  3.2
Fighting       | |  2.9

Action                   |  1- 3 |  4- 6 || total
-------------------------+-------+-------++-------
Melee: Short sword       |    83 |    10 ||    93
 Fire: Hand crossbow     |     3 |       ||     3
Invok: Request Jelly     |     1 |       ||     1
  Use: Scroll            |     6 |     1 ||     7
 Stab: Sleeping          |     9 |     1 ||    10
Armor: Leather armour    |    14 |       ||    14
Dodge: Dodged            |    62 |     6 ||    68

Table legend: (Time is in decaauts)
 A = Elapsed time spent in this place.
 B = Non-inter-level travel time spent in this place.
 C = Inter-level travel time spent in this place.
 D = Time resting spent in this place.
 E = Time spent auto-exploring this place.
 F = Levels seen in this place.
 G = Mean time per level.
                   A        B        C        D        E       F      G
               +--------+--------+--------+--------+--------+-----+--------+
         Total |   1566 |   1539 |     27 |    142 |   1134 |   3 |  522.0 |
       Dungeon |   1566 |   1539 |     27 |    142 |   1134 |   3 |  522.0 |
               +--------+--------+--------+--------+--------+-----+--------+

Top non-repeatable levels by time:
     D:1: 1035 daAuts
     D:2: 525 daAuts
     D:3: 5 daAuts
